 Dungeon Crawl Stone Soup version 0.23.0-3-gf3c87f2df8 (webtiles) character file.

Game seed: 13131916837688553093

113 Jukra the Conjurer (level 4, 0/27 HPs)
             Began as an Octopode Conjurer on Feb 24, 2019.
             Was a Follower of Vehumet.
             Slain by a kobold
             ... wielding a +0 club
              (4 damage)
             ... on level 3 of the Dungeon.
             The game lasted 00:10:49 (2322 turns).

Jukra the Conjurer (Octopode Conjurer)              Turns: 2322, Time: 00:10:51

Health: 0/27       AC:  1    Str:  7    XL:     4   Next: 96%
Magic:  7/8        EV: 14    Int: 18    God:    Vehumet [*.....]
Gold:   135        SH:  0    Dex: 17    Spells: 7/8 levels left

rFire    x . .     SeeInvis +   g - +0 morningstar
rCold    + . .     Gourm    +   (no shield)
rNeg     . . .     Faith    .   (helmet restricted)
rPois    .         Spirit   .   a - amulet of the gourmand
rElec    .         Reflect  .   f - +5 ring of dexterity
rCorr    .         Harm     .   k - ring of teleportation (curse)
MR       .....     Rnd*Tele +   c - ring of see invisible
Stlth    +++.......             m - ring of ice
HPRegen  0.09/turn              (no ring)
MPRegen  0.11/turn              (no ring)
                                (no ring)
                                (no ring)

@: lethally poisoned (0 -> -7), slowed, very slow
A: almost no armour, stealthy swim, amphibious, 8 rings, constrict 8, camouflage
1, gelatinous body 1
a: Renounce Religion


You were on level 3 of the Dungeon.
You worshipped Vehumet.
Vehumet was aware of your devotion.
You were not hungry.

You visited 1 branch of the dungeon, and saw 3 of its levels.

You collected 135 gold pieces.

Inventory:

Hand Weapons
 g - a +0 morningstar (weapon)
Jewellery
 a - an amulet of the gourmand (around mantle)
 c - a ring of see invisible (on tentacle)
 f - a +5 ring of dexterity (left tentacle)
 k - a cursed ring of teleportation (right tentacle)
 m - a ring of ice (on tentacle)
Scrolls
 i - a scroll of enchant armour
Potions
 d - a potion of lignification {unknown}
 e - a potion of agility
 h - 2 potions of haste
Comestibles
 b - 3 rations


   Skills:
 + Level 2.2 Dodging
 + Level 3.0 Stealth
 + Level 1.2 Unarmed Combat
 + Level 2.8 Spellcasting
 + Level 5.2 Conjurations


You had 7 spell levels left.
You knew the following spells:

 Your Spells              Type           Power        Failure   Level  Hunger
a - Magic Dart            Conj           ###.         1%          1    None

Your spell library contained the following spells:

 Spells                   Type           Power        Failure   Level  Hunger
 Sting                    Conj/Pois      ##..         6%          1    None
 Searing Ray              Conj           ###...       3%          2    ##.....
 Dazzling Spray           Conj/Hex       ##....       17%         3    ###....
 Iskenderun's Mystic Bla  Conj           ###.....     19%         4    ####...
 Force Lance              Conj/Tloc      ##......     50%         4    ####...
 Fulminant Prism          Conj/Hex       ##........   50%         4    ####...


Dungeon Overview and Level Annotations

Branches:
Dungeon (3/15)

Altars:
Trog
Vehumet
Yredelemnul


Innate Abilities, Weirdness & Mutations

You cannot wear most types of armour.
You are very stealthy in the water. (Stealth+)
You are amphibious.
You can wear up to eight rings at the same time.
You can use your tentacles to constrict eight enemies at once.
Your skin changes colour to match your surroundings (Stealth+).
Your rubbery body absorbs attacks. (AC +1, EV +1)


Message History

Press: ? - help, Shift-Dir - straight line You feel sick.
The kobold shoots a curare-tipped needle.
The curare-tipped needle misses you.
The goblin hits you with a cursed -1 club.
A worm comes into view.
* * * LOW HITPOINT WARNING * * *
You feel sick. The goblin closely misses you.
Found 17 gold pieces.
* * * LOW HITPOINT WARNING * * *
You feel sick. The goblin hits you but does no damage.
* * * LOW HITPOINT WARNING * * *
You feel sick.
You hit the kobold. Your grab misses the kobold.
Your squeeze misses the kobold.
The kobold is severely wounded.
* * * LOW HITPOINT WARNING * * *
You feel sick.
The kobold unwields a +0 blowgun.
The kobold wields a +0 club.
The kobold hits you with a +0 club.
You die...

#...# #...# #...#
#...#
######...########
.................
$..w>...((.......
.......g........#
######K@.#####.##
#......# #
#....#.#
#####....#.#
###........# #
#..........#
#.#.###....#
####.#.###.....
#......[.......


You could see a worm, a goblin and a kobold.

Vanquished Creatures
  4 adders (D:2)
  An ooze (D:1)
  4 worms (D:2)
  3 dart slugs
  A leopard gecko (D:1)
  5 orcs (D:3)
  8 bats
  2 giant cockroaches
  5 hobgoblins (D:2)
  2 jackals (D:1)
  3 quokkas (D:2)
  A ball python (D:3)
  2 goblins
  3 kobolds
  5 rats
49 creatures vanquished.

Notes
Turn   | Place    | Note
-------+----------+-------------------------------------------
     0 | D:1      | Jukra the Octopode Conjurer began the quest for the Orb.
     0 | D:1      | Reached XP level 1. HP: 11/11 MP: 3/3
   305 | D:1      | Reached XP level 2. HP: 17/17 MP: 3/5
   710 | D:1      | Reached XP level 3. HP: 21/21 MP: 2/6
   987 | D:2      | Found a radiant altar of Vehumet.
   988 | D:2      | Found a bloodstained altar of Trog.
  1000 | D:2      | Became a worshipper of Vehumet
  1172 | D:2      | Reached skill level 5 in Conjurations
  1224 | D:2      | Reached XP level 4. HP: 27/27 MP: 3/7
  1417 | D:2      | Found a basalt altar of Yredelemnul.
  1448 | D:2      | Reached skill level 1 in Unarmed Combat
  2140 | D:3      | Reached * piety under Vehumet
  2140 | D:3      | Offered knowledge of Sting by Vehumet.
  2322 | D:3      | Slain by a kobold

Skill      XL: |  1  2  3  4 |
---------------+-------------+-----
Stealth        | 3 |  3.0
Conjurations   | 5 |  5.2
Unarmed Combat | 1 |  1.2
Dodging        | |  2.2
Spellcasting   | |  2.8

Action                   |  1- 3 |  4- 6 || total
-------------------------+-------+-------++-------
Melee: Unarmed           |    25 |    20 ||    45
       Tentacles         |     8 |     7 ||    15
       Constrict         |     5 |     6 ||    11
       Morningstar       |       |     2 ||     2
 Cast: Magic Dart        |    49 |    48 ||    97
  Use: Scroll            |     2 |     2 ||     4
       Potion            |       |     4 ||     4
  Eat: Chunk             |     5 |     1 ||     6
Armor: Skin              |     3 |     1 ||     4
Dodge: Dodged            |    13 |    29 ||    42
